 Dungeon Crawl Stone Soup version 0.28.0-53-g5a82cb258f (webtiles) character file.

Game seed: 8769535197883277803

419 protoss039 the Skirmisher (level 6, -9/48 HPs)
             Began as a Demonspawn Earth Elementalist on June 17, 2022.
             Was an Initiate of Vehumet.
             Mangled by an ogre
             ... wielding a +0 giant spiked club
              (18 damage)
             ... on level 5 of the Dungeon.
             The game lasted 00:07:51 (5130 turns).

protoss039 the Skirmisher (DsEE)                    Turns: 5130, Time: 00:07:52

Health: -9/48      AC:  6    Str:  9    XL:     6   Next: 62%
Magic:  7/10       EV: 11    Int: 18    God:    Vehumet [......]
Gold:   88         SH:  0    Dex: 13    Spells: 5/11 levels left

rFire   . . .      SeeInvis .   t - +0 short sword (elec)
rCold   . . .      Faith    .   (no shield)
rNeg    . . .      Spirit   .   k - +0 leather armour
rPois   +          Reflect  .   (no helmet)
rElec   .          Harm     .   q - +0 cloak
rCorr   .          Rampage  .   (no gloves)
Will    +....                   d - +0 pair of boots
Stlth   ++........              (no amulet)
HPRegen 0.16/turn               b - ring of poison resistance
MPRegen 0.12/turn               z - ring of willpower

@: no status effects
A: claws 1, rugged brown scales 1, demonic magic 1
a: Renounce Religion


You were on level 5 of the Dungeon.
You worshipped Vehumet.
Vehumet was noncommittal.
You visited 2 branches of the dungeon, and saw 6 of its levels.

You collected 142 gold pieces.
You spent 54 gold pieces at shops.

Inventory:

Hand Weapons
 n - a +0 dagger of draining
 t - a +0 short sword of electrocution (weapon)
Missiles
 c - 29 stones
Armour
 d - a +0 pair of boots (worn)
 k - a +0 leather armour (worn)
 q - a +0 cloak (worn)
Magical Staves
 w - a staff of earth
Jewellery
 b - a ring of poison resistance (left claw)
 z - a ring of willpower (right claw)
Scrolls
 a - a scroll of holy word {unknown}
 f - a scroll of blinking {unknown}
 h - 2 scrolls of brand weapon {unknown}
 l - 2 scrolls of identify
 o - a scroll of summoning {unknown}
 p - a scroll of noise {unknown}
 r - a scroll of torment {unknown}
 s - 2 scrolls of vulnerability {unknown}
 u - a scroll of amnesia {unknown}
 v - 2 scrolls of fear {unknown}
 y - 2 scrolls of teleportation {unknown}
Potions
 e - 3 potions of cancellation
 g - a potion of might
 i - a potion of ambrosia {unknown}
 j - a potion of brilliance {unknown}
 m - 2 potions of curing {unknown}
 x - a potion of lignification {unknown}
 A - a potion of degeneration {unknown}


   Skills:
 * Level 3.6 Fighting
 + Level 2.0 Armour
 - Level 1.7 Dodging
 - Level 1.7 Stealth
 + Level 3.1 Spellcasting
 - Level 3.0 Conjurations
 - Level 1.0 Transmutations
 + Level 3.5 Earth Magic


You had 5 spell levels left.
You knew the following spells:

 Your Spells              Type           Power      Damage    Failure   Level
a - Sandblast             Erth           30%        2d9       4%          1
b - Passwall              Tmut/Erth      9%         N/A       13%         2
c - Stone Arrow           Conj/Erth      28%        3d8       17%         3

Your spell library contained the following spells:

 Spells                   Type           Power      Damage    Failure   Level
 Blink                    Tloc           4%         N/A       32%         2
 Petrify                  Tmut/Erth      11%        N/A       63%         4
 Manifold Assault         Tloc           2%         N/A       99%         5
 Storm Form               Tmut/Air       2%         N/A       100%        7


Dungeon Overview and Level Annotations

Branches:
Dungeon (5/15)             Temple (1/1) D:4

Altars:
Ashenzari
Cheibriados
Dithmenos
Elyvilon
Fedhas
Gozag
Hepliaklqana
Makhleb
Nemelex Xobeh
Okawaru
Sif Muna
Vehumet
Wu Jian
Xom
Zin
The Shining One

Shops:
D:2 *


Innate Abilities, Weirdness & Mutations

You have sharp fingernails.
You are partially covered in rugged brown scales. (AC +1, +3% HP)
Spells you cast may paralyse adjacent enemies.


Message History

* * * LOW HITPOINT WARNING * * *
Unknown command.
Okay, then.
Casting: Sandblast (safe; 4% risk of failure)
Confirm with . or Enter, or press ? or * to list all spells.
Aiming: Sandblast (safe; 4% risk of failure)
Press: ? - help, Shift-Dir - straight line, f/p - ogre
Aim: an ogre, wielding a +0 giant spiked club (heavily wounded, 90% to hit)
The blast of sand hits the ogre.
The ogre is heavily wounded.
Malevolent energies surge around you.
The ogre suddenly stops moving!
Unknown command.
The ogre is no longer paralysed.
There is an open door here.
Casting: Sandblast (safe; 4% risk of failure)
Confirm with . or Enter, or press ? or * to list all spells.
Aiming: Sandblast (safe; 4% risk of failure)
Press: ? - help, Shift-Dir - straight line, f - you, p - ogre
Okay, then.
Casting: Sandblast (safe; 4% risk of failure)
Confirm with . or Enter, or press ? or * to list all spells.
Aiming: Sandblast (safe; 4% risk of failure)
Press: ? - help, Shift-Dir - straight line, f/p - ogre
Aim: an ogre, wielding a +0 giant spiked club (heavily wounded, 90% to hit)
The blast of sand hits the ogre.
The ogre is heavily wounded.
Malevolent energies surge around you.
Casting: Sandblast (safe; 4% risk of failure)
Confirm with . or Enter, or press ? or * to list all spells.
Aiming: Sandblast (safe; 4% risk of failure)
Press: ? - help, Shift-Dir - straight line, f/p - ogre
Aim: an ogre, wielding a +0 giant spiked club (heavily wounded, 90% to hit)
The blast of sand hits the ogre.
The ogre is severely wounded.
Malevolent energies surge around you.
Unknown command.
Unknown command.
There is a stone staircase leading up here.
The ogre hits you with a +0 giant spiked club!!
You die...

........###...##(........##
..........#'#.#...........#
............#####.......##
..............#.#'#...#+#
......#......##...#####
.....##...#......+......#
.....##.#.###...##......#
#.....>#.####..#.......#
#...##......#@.#.......+
###..##.#....>O.#.......#
#...........#n#.##......#
#......>.##.#....+......#
#.......###......##...#####
#..........##.#...#.#'#...#+#
#.......##....#...###.......###
#......####...#...#...........#
#.......#.......#####.........##


You could see an ogre and a necrophage.

Vanquished Creatures
  A black bear (D:4)
  A scorpion (D:2)
  A bullfrog zombie (D:5)
  An iguana (D:4)
  Natasha (thrice) (D:2)
  5 adders
  A gnoll (D:1)
  A white imp (D:5)
  A worm (D:2)
  A dart slug (D:1)
  7 bats
  11 endoplasms
  4 giant cockroaches
  8 goblins
  5 hobgoblins
  4 quokkas
  5 ball pythons
  3 frilled lizards
  5 kobolds
  2 rats (D:1)
70 creatures vanquished.

Notes
Turn   | Place    | Note
-------+----------+-------------------------------------------
     0 | D:1      | protoss039 the Demonspawn Earth Elementalist began the
                  | quest for the Orb.
     0 | D:1      | Reached XP level 1. HP: 13/13 MP: 3/3
   109 | D:1      | Reached skill level 1 in Transmutations
   580 | D:1      | Reached skill level 1 in Fighting
   580 | D:1      | Gained mutation: You have sharp fingernails. [demonic
                  | ancestry]
   580 | D:1      | Reached XP level 2. HP: 21/21 MP: 3/5
   714 | D:1      | Found a faded altar of an unknown god.
  1098 | D:1      | Reached XP level 3. HP: 11/26 MP: 2/6
  1603 | D:1      | Learned a level 2 spell: Passwall
  1607 | D:1      | Learned a level 3 spell: Stone Arrow
  1715 | D:2      | Reached skill level 1 in Armour
  1885 | D:2      | Noticed Natasha
  1890 | D:2      | Killed Natasha
  1891 | D:2      | Reached skill level 1 in Conjurations
  1891 | D:2      | Gained mutation: Spells you cast may paralyse adjacent
                  | enemies. [demonic ancestry]
  1891 | D:2      | Reached XP level 4. HP: 29/33 MP: 3/7
  2075 | D:2      | Found Tetab's Assorted Antiques.
  2194 | D:2      | Found an iron altar of Okawaru.
  2273 | D:2      | Noticed a scorpion
  2280 | D:2      | Noticed Natasha
  2281 | D:2      | Killed a scorpion
  2282 | D:2      | Reached XP level 5. HP: 35/39 MP: 2/9
  2306 | D:2      | Killed Natasha
  2407 | D:2      | Noticed Natasha
  2412 | D:2      | Killed Natasha
  2835 | D:2      | Bought a scroll labelled IFOTEE ISAU for 27 gold pieces
  2835 | D:2      | Bought a scroll labelled TUCLUI NUEL for 27 gold pieces
  2861 | D:3      | Found a shimmering altar of Xom.
  2862 | D:3      | Found a shimmering altar of Xom.
  3402 | D:3      | Found a faded altar of an unknown god.
  3407 | D:3      | Found a sparkling altar of Nemelex Xobeh.
  3825 | D:4      | Gained mutation: You are partially covered in rugged brown
                  | scales. (AC +1, +3% HP) [demonic ancestry]
  3825 | D:4      | Reached XP level 6. HP: 24/48 MP: 6/10
  4030 | D:4      | Found a staircase to the Ecumenical Temple.
  4101 | Temple   | Entered the Ecumenical Temple
  4206 | Temple   | Became a worshipper of Vehumet
  4937 | D:5      | Entered Level 5 of the Dungeon
  5130 | D:5      | Mangled by an ogre

Illustrated notes

Levels and vault maps discovered:
D:1:      tarquinn_simple_flora_water_e, layout_loops_ring,
          shapermc_ecumenical_altar_starsandcircs
D:2:      layout_loops_ring, serial_shops, nicolae_shop_overgrown_old_shop,
          basic_altar, chequers_mini_garden, corner_web_ring, hex_tiny,
          uniq_natasha
D:3:      layout_loops_corners, nicolae_overflow_ecumenical_swirl,
          xom_redecorated
D:4:      layout_basic, temple_hall, roderic_serpentine_path,
          grunt_decor_fettered, kennysheep_generic_room_14
D:5:      nicolae_cairo_tiling_very_big, layout_rooms,
          mainiacjoe_overflow_tiny_flanked, kennysheep_mini_moat,
          uniq_crazy_yiuf_cottage
Temple:   dshaligram_water_room_temple

Skill      XL: |  1  2  3  4  5  6 |
---------------+-------------------+-----
Transmutations | 1 |  1.0
Fighting       | 1 2 3 |  3.6
Armour         | 1 2 |  2.0
Conjurations   | 1 2 3 |  3.0
Earth Magic    | 3 |  3.5
Spellcasting   | 3 |  3.1
Dodging        | |  1.7
Stealth        | |  1.7

Action                   |  1- 3 |  4- 6 || total
-------------------------+-------+-------++-------
Melee: Dagger            |    49 |    10 ||    59
       Club              |    24 |       ||    24
       Short sword       |       |    74 ||    74
       Punch             |       |     1 ||     1
 Cast: Sandblast         |    27 |    39 ||    66
       Stone Arrow       |       |     1 ||     1
  Use: Scroll            |       |     2 ||     2
 Stab: Sleeping          |     2 |     3 ||     5
       Paralysed         |       |    10 ||    10
       Distracted        |       |     1 ||     1
Armor: Robe              |    14 |       ||    14
       Leather armour    |    12 |    39 ||    51
Dodge: Dodged            |    49 |    60 ||   109
